AoeStats
← DragonKiller6

Arabia

507796320Analyzed
1v1 RM · 12d ago on Sep 19, 2026· 50m 35s· 2 players
Game mode
Random Map
Map size
Tiny (2 player)
Population
200
Speed
Normal
Resources
Standard
Victory
Conquest
Starting age
Dark Age
Ending age
Imperial Age
RankedLock teamsTeams togetherTeam positionsShared explorationLock speedFull tech treeHidden civsTurbo modeCheats
Victory
Defeat
🇭🇺 Magyars · Hungary
1262
+17
🇦🇷 Cumans · Argentina
1274
-17
DragonKiller6
5:55 Loom
8:49 Feudal Age
9:29 Double-Bit Axe
15:50 Wheelbarrow
20:39 Castle Age
19:37 Gold Mining
19:40 Fletching
21:37 Bodkin Arrow
23:11 Bow Saw
24:31 Padded Archer Armor
24:47 Bloodlines
27:33 Husbandry
27:40 Padded Archer Armor
30:21 Light Cavalry
35:11 Horse Collar
39:18 Imperial Age
38:19 Ballistics
38:48 Leather Archer Armor
39:11 Scale Barding Armor
39:45 Masonry
41:24 Two-Man Saw
40:54 Heavy Plow
42:32 Conscription
42:49 Parthian Tactics
44:07 Recurve Bow
44:16 Pikeman
45:42 Thumb Ring
47:21 Chemistry
47:18 Bracer
47:49 Ring Archer Armor
47:02 Heavy Cavalry Archer
49:29 Corvinian Army
49:53 Elite Magyar Huszar
50:20 Halberdier
mauro.escalier
6:42 Loom
9:15 Feudal Age
10:57 Double-Bit Axe
15:41 Horse Collar
23:54 Castle Age
22:49 Scale Barding Armor
23:54 Bloodlines
23:40 Fletching
26:59 Wheelbarrow
31:12 Forging
32:54 Chain Barding Armor
34:39 Iron Casting
36:20 Gold Mining
36:20 Stone Mining
41:41 Imperial Age
40:15 Light Cavalry
41:30 Hand Cart
43:43 Plate Barding Armor
42:30 Cavalier
43:48 Conscription
45:05 Blast Furnace
45:32 Bodkin Arrow
45:38 Elite Skirmisher
46:40 Padded Archer Armor
48:23 Leather Archer Armor
50:21 Ring Archer Armor
Connection lost

Rejoining the realm…

Still unreachable

The connection could not be restored.

Session expired

The server has moved on; the page needs a fresh start.